 Dungeon Crawl Stone Soup version 0.31-a0-496-g6f97920a28 (webtiles) character file.

Game seed: 15401459295086973464

973 kae the Changeling (level 7, -4/52 HPs)
             Began as a Pale Draconian Shapeshifter on Aug 8, 2023.
             Slain by a gnoll
             ... wielding a +0 flail
             ... led by a gnoll bouda
              (14 damage)
             ... on level 5 of the Dungeon.
             The game lasted 00:03:46 (4313 turns).

kae the Changeling (Pale Draconian Shapeshifter)    Turns: 4313, Time: 00:03:46

Health: -4/52      AC:  0    Str: 18    XL:     7   Next: 94%
Magic:  7/7        EV: 16    Int:  8    God:
Gold:   214        SH:  0    Dex: 13    Spells: 6/6 levels left

rFire   . .          .
                       - Unarmed
rCold   . . .        (shield currently unavailable)
rNeg    . . .        (body armour unavailable)
rPois   .            (helmet restricted)
rElec   .            (no cloak)
rCorr   +            (no gloves)
SInv    .            (no boots)
Will    .....        A - amulet of the acrobat
Stlth   +            R - ring of resist corrosion
HPRegen 0.28/turn    (no ring)
MPRegen 0.10/turn

%: acrobat
@: flux-form, glowing
A: glow, contaminating, (breathe steam), AC +6, unfitting armour, cold-blooded,
steam resistance
a: Begin Untransformation


You were on level 5 of the Dungeon.
You were something dangerously unstable.
You visited 1 branch of the dungeon, and saw 6 of its levels.

You collected 214 gold pieces.


Innate Abilities, Weirdness & Mutations

You are something dangerously unstable.
You glow with magical radiation, making you easy to see and hit.
Foes you strike become dangerously contaminated with magical radiation.
You are incapable of wielding weapons or throwing items.
((You can breathe blasts of scalding, opaque steam.))
((Your pale cyan-grey scales are hard. (AC +6)))
You cannot fit into any form of body armour.
You are cold-blooded and may be slowed by cold attacks.
You are immune to the effects of steam.


   Skills:
 - Level 1.1 Fighting
 - Level 1.7 Dodging
 + Level 6.1 Unarmed Combat
 * Level 6.9 Shapeshifting


You had 6 spell levels left.
You didn't know any spells.
Your spell library contained the following spells:

 Spells                   Type           Power      Damage    Failure   Level
 Ensorcelled Hibernation  Hex/Ice        0%         N/A       54%         2
 Passwall                 Tmut/Erth      0%         N/A       54%         2
 Swiftness                Air            0%         N/A       78%         3

Inventory:

Missiles
 d - 64 stones
 l - 13 poisoned darts
 u - 2 boomerangs
 y - a throwing net {=f!f}
Magical Staves
 q - a staff of death {!a}
   (You found it on level 3 of the Dungeon)
Jewellery
 A - an amulet of the acrobat (around neck)
   (You found it on level 5 of the Dungeon)
 R - a ring of resist corrosion (left hand)
   (You found it on level 4 of the Dungeon)
Talismans
 b - a beast talisman
 c - a flux talisman (active)
Wands
 j - a wand of mindburst (14)
   (You found it on level 2 of the Dungeon)
 p - a wand of paralysis (5)
   (You found it on level 2 of the Dungeon)
Scrolls
 i - 5 scrolls of teleportation {@r4}
 k - a scroll of noise {!r}
 x - 2 scrolls of immolation {!r!r}
Potions
 a - a potion of lignification {!q}
 e - 4 potions of degeneration {unknown}
 h - 3 potions of brilliance {unknown}
 r - a potion of might {unknown}
 s - 2 potions of enlightenment {unknown}
 t - a potion of attraction {unknown}

Dungeon Overview and Level Annotations

Branches:
Dungeon (6/15) Zot: 26565
 Temple: D:4-7

Altars:
Fedhas
Wu Jian

Shops:
D:5 [

Annotations:
D:2 1 runed translucent door, Crazy Yiuf
D:3 exclusion: oklob plant

#.# #.#.##.#.###.
#.# #............
#.# ###.##...####
#.# #.###.####. #.#
#..........
######.#
#.########.
#......# #.# #####
##.##############.#
#....
#........gBg......#
#.###
#..##############.#
#.# # ##..#### #.#
#.### ####......#
#.# #....
#......##.# #.#
###.# #.##.#.##.#
#.# #.# #.#....##.#
#.# #.# #.......#.#
#.# #.#
###......#..# #.##
#.#


You could see a gnoll bouda (contam) and a gnoll (swift).


Message History

The black bear completely misses you. 😨 HP[+21]
You regained 21 hp, and now have 22/52 hp.
You hit the black bear.
The black bear begins to glow.
The black bear closely misses you. The black bear barely misses you.
The black bear completely misses you. 😨 HP[+1]
You hit the black bear but do no damage.
The black bear glows dangerously bright.
The black bear bites you.
* * * LOW HITPOINT WARNING * * *
The black bear claws you.
* * * LOW HITPOINT WARNING * * *
The black bear closely misses you. 😨 HP[-9]
You take 9 damage, and now have 14/52 hp.
You completely miss the black bear.
You tail-slap the black bear, but do no damage.
You are no longer corroded.
You hit the black bear.
The black bear shudders as magic cascades through it!
The black bear twists and deforms.
You tail-slap the black bear.
The black bear goes berserk!
You hit the black bear.
You kill the black bear! 😨 HP[+1]
You see here a black bear corpse. 😨 HP[+1] 😨 HP[+1]
You start resting. 😕 HP[+27]
You regained 27 hp, and now have 44/52 hp.
There is a stone staircase leading up here.
You start resting.
A gnoll bouda comes into view. It is wielding a +0 club. 😕 HP[+6]
You regained 6 hp, and now have 50/52 hp.
The gnoll bouda shouts!
You hear a shout! x2
The gnoll bouda throws a throwing net.
The throwing net closely misses you.
The gnoll bouda barks out a call to the hunt!
A gnoll comes into view. It is wielding a +0 flail.
You hear a shout!
A gnoll comes into view. It is wielding a +0 club.
A gnoll comes into view. It is wielding a +0 flail.
A gnoll comes into view. It is wielding a +0 whip.
The gnoll shouts!
You hear an angry hiss.
A gnoll comes into view.
It is wielding a +2 flail of holy wrath. 😕 HP[+1]
You barely miss the gnoll bouda.
The gnoll bouda hits you with a +0 club.
You barely miss the gnoll bouda.
An adder comes into view.
The gnoll bouda hits you with a +0 club.
The gnoll misses you. 😕 HP[-11]
You take 11 damage, and now have 40/52 hp.
MASSIVE DAMAGE!! (PAUSE)
You closely miss the gnoll bouda. The gnoll bouda barely misses you.
The gnoll barely misses you. 😕 HP[+1] Unknown command.
You hit the gnoll bouda but do no damage.
The gnoll bouda begins to glow.
The gnoll bouda hits you with a +0 club!
The gnoll hits you with a +0 flail!
* * * LOW HITPOINT WARNING * * *
😨 HP[-24]
You take 24 damage, and now have 17/52 hp.
MASSIVE DAMAGE!! (PAUSE)
You hit the gnoll bouda but do no damage.
The gnoll bouda glows dangerously bright.
The gnoll bouda completely misses you.
Unknown command.
You barely miss the gnoll bouda. The gnoll misses you.
The gnoll bouda hits you with a +0 club.
* * * LOW HITPOINT WARNING * * *
😱 HP[-4]
You take 4 damage, and now have 13/52 hp.
Unknown command.
The gnoll bouda attacks as you move away!
The gnoll bouda hits you with a +0 club!
* * * LOW HITPOINT WARNING * * *
The gnoll completely misses you. The gnoll attacks as you move away!
The gnoll misses you. 😱 HP[-8]
You take 8 damage, and now have 5/52 hp.
Unknown command.
The gnoll attacks as you move away! The gnoll closely misses you.
The gnoll misses you.
There is a stone staircase leading up here.
The gnoll bouda hits you with a +0 club.
* * * LOW HITPOINT WARNING * * *
You climb upwards.
There is a stone staircase leading down here.
Unknown command. 😱 HP[-4]
You take 4 damage, and now have 1/52 hp.
You feel better. The gnoll bouda misses you.
The gnoll hits you with a +0 flail!
You die...

Skill      XL: |  1  2  3  4  5  6  7 |
---------------+----------------------+-----
Shapeshifting  | 4 5 6 |  6.9
Unarmed Combat | 4 5 6 |  6.1
Fighting       | |  1.1
Dodging        | |  1.7

Action                     |  1- 3 |  4- 6 |  7- 9 || total
---------------------------+-------+-------+-------++-------
  Melee: Unarmed           |    83 |   142 |    36 ||   261
         Tailslap          |     8 |    19 |     7 ||    34
         Punch             |     1 |     2 |       ||     3
    Use: Potion            |       |     2 |     3 ||     5
         Scroll            |       |       |    10 ||    10
   Stab: Sleeping          |     1 |       |       ||     1
 Armour: Skin              |    35 |    45 |       ||    80
  Dodge: Dodged            |    57 |    79 |    61 ||   197
   Form: Flux              |       |     1 |       ||     1

Levels and vault maps discovered:
D:1:      dpeg_arrival_pond, layout_loops_ring, due_unseen_surprise
D:2:      layout_basic, solitary_fountain, chequers_serial_rivers_small_b,
          uniq_crazy_yiuf_cottage
D:3:      minmay_door_path, layout_rooms, tgw_fedhas, minmay_misc_feat_enclosed,
          dk_vineyard_1, uniq_jessica
D:4:      layout_cave_pools, kennysheep_mini, minmay_hedge_maze, uniq_sigmund
D:5:      layout_loops_ring, nicolae_stop_n_shop_1
D:6:      old_forge, layout_layer_cave, lightli_temple_of_fire, serial_shops,
          shop, kennysheep_decorative_pillar

Notes
Turn   | Place    | Note
-------+----------+-------------------------------------------
     0 | D:1      | kae the Draconian Shapeshifter began the quest for the Orb.
     0 | D:1      | Reached XP level 1. HP: 16/16 MP: 1/1
     0 | D:1      | magus.rc [v1.11.3]
     9 | D:1      | You pick up a book of Burglary and begin reading...
     9 | D:1      | You add the spells Passwall, Ensorcelled Hibernation and
                  | Swiftness to your library.
   219 | D:1      | Reached XP level 2. HP: 22/23 MP: 2/2
   643 | D:2      | Reached XP level 3. HP: 28/28 MP: 3/3
   983 | D:2      | Reached XP level 4. HP: 35/35 MP: 4/4
  1080 | D:2      | Found a runed translucent door.
  1081 | D:2      | Noticed Crazy Yiuf
  1402 | D:3      | Reached skill level 4 in Shapeshifting
  1483 | D:3      | Noticed Jessica
  1499 | D:3      | Killed Jessica
  1500 | D:3      | Reached skill level 4 in Unarmed Combat
  1861 | D:3      | Reached XP level 5. HP: 39/40 MP: 5/5
  2090 | D:3      | Found a blossoming altar of Fedhas.
  2110 | D:3      | Noticed an oklob plant
  2305 | D:4      | Noticed an ogre
  2316 | D:4      | Killed an ogre
  2317 | D:4      | Reached skill level 5 in Shapeshifting
  2317 | D:4      | Reached XP level 6. HP: 37/47 MP: 6/6
  2523 | D:4      | Noticed Sigmund
  2549 | D:4      | Killed Sigmund
  2550 | D:4      | Reached skill level 5 in Unarmed Combat
  2684 | D:4      | Found an ornate altar of the Wu Jian Council.
  3044 | D:5      | Entered Level 5 of the Dungeon
  3115 | D:5      | HP: 11/45 [hound (1)]
  3400 | D:5      | Found Jeph's Antique Armour Emporium.
  3600 | D:5      | Reached skill level 6 in Shapeshifting
  3600 | D:5      | Your scales start taking on a pale cyan-grey colour.
  3600 | D:5      | Reached XP level 7. HP: 28/52 MP: 7/7
  3600 | D:5      | Gained mutation: You are immune to the effects of steam.
                  | [Pale Draconian growth]
  4161 | D:6      | HP: 11/52 [acid (4)]
  4161 | D:6      | HP: 5/52 [black bear (6)]
  4161 | D:6      | HP: 2/52 [black bear (3)]
  4165 | D:6      | Reached skill level 6 in Unarmed Combat
  4306 | D:6      | HP: 13/52 [gnoll bouda/+0 club (4)]
  4307 | D:6      | HP: 4/52 [gnoll bouda/+0 club (9)]
  4311 | D:6      | HP: 1/52 [gnoll bouda/+0 club (5)]
  4313 | D:5      | Slain by a gnoll

Vanquished Creatures
  Sigmund (D:4)
  A sky beast (D:6)
  A black bear (D:6)
  2 ogres
  A centaur (D:6)
  A scorpion (D:6)
  3 hounds
  2 jellies
  Jessica (D:3)
  8 adders
  A worm (D:3)
  3 dart slugs
  7 orcs
  6 ball pythons
  2 endoplasms
  5 giant cockroaches
  6 goblins
  8 hobgoblins
  4 quokkas
  6 bats
  3 frilled lizards
  8 kobolds
  6 rats
86 creatures vanquished.

Table legend:
 A = Non-vault XP
 B = Vault XP
 C = Vault XP percentage of total XP
 D = Non-vault monster count
 E = Vault monster count
 F = Vault count percentage of total count
                 A         B        C        D         E       F
            +---------+---------+-------+---------+---------+-------
      Total |    1038 |     352 |  25.3 |      80 |       6 |   7.0
            +---------+---------+-------+---------+---------+-------
        D:1 |      23 |       0 |   0.0 |      15 |       0 |   0.0
        D:2 |      84 |       0 |   0.0 |      22 |       0 |   0.0
        D:3 |      53 |      55 |  50.9 |      15 |       4 |  21.1
        D:4 |     241 |     214 |  47.0 |      17 |       1 |   5.6
        D:5 |     177 |       0 |   0.0 |       6 |       0 |   0.0
        D:6 |     460 |      83 |  15.3 |       5 |       1 |  16.7
            +---------+---------+-------+---------+---------+-------

Skill      XL: |  1  2  3  4  5  6  7 |
---------------+----------------------+-----
Shapeshifting  | 4 5 6 |  6.9
Unarmed Combat | 4 5 6 |  6.1
Fighting       | |  1.1
Dodging        | |  1.7

Action                     |  1- 3 |  4- 6 |  7- 9 || total
---------------------------+-------+-------+-------++-------
  Melee: Unarmed           |    83 |   142 |    36 ||   261
         Tailslap          |     8 |    19 |     7 ||    34
         Punch             |     1 |     2 |       ||     3
    Use: Potion            |       |     2 |     3 ||     5
         Scroll            |       |       |    10 ||    10
   Stab: Sleeping          |     1 |       |       ||     1
 Armour: Skin              |    35 |    45 |       ||    80
  Dodge: Dodged            |    57 |    79 |    61 ||   197
   Form: Flux              |       |     1 |       ||     1

Illustrated notes

Table legend:
 A = Kills in this place as a percentage of kills in the entire game.
 B = Kills by you in this place as a percentage of kills by you in the entire game.
 C = Kills by friends in this place as a percentage of kills by friends in the entire game.
 D = Other kills in this place as a percentage of other kills in the entire game.
 E = Experience gained in this place as a percentage of experience gained in the entire game.
 F = Experience gained in this place divided by the number of levels of this place that you have seen.
                   A       B       C       D       E      F
               +-------+-------+-------+-------+-------+----------------------
         Total | 100.0 | 100.0 |   N/A |   N/A | 100.0 | 231.7
       Dungeon | 100.0 | 100.0 |   N/A |   N/A | 100.0 | 231.7
               +-------+-------+-------+-------+-------+----------------------

Table legend: (Time is in decaauts)
 A = Elapsed time spent in this place.
 B = Non-inter-level travel time spent in this place.
 C = Inter-level travel time spent in this place.
 D = Time resting spent in this place.
 E = Time spent auto-exploring this place.
 F = Levels seen in this place.
 G = Mean time per level.
                   A        B        C        D        E       F      G
               +--------+--------+--------+--------+--------+-----+--------+
         Total |   4301 |   4118 |    183 |    299 |   3205 |   6 |  716.8 |
       Dungeon |   4301 |   4118 |    183 |    299 |   3205 |   6 |  716.8 |
               +--------+--------+--------+--------+--------+-----+--------+

Top non-repeatable levels by time:
     D:5: 851 daAuts
     D:4: 847 daAuts
     D:2: 816 daAuts
     D:3: 797 daAuts
     D:1: 577 daAuts
     D:6: 410 daAuts
